 Dungeon Crawl Stone Soup version 0.28.0-45-g0d030f2227 (webtiles) character file.

Game seed: 2266252697914590824

448 protoss039 the Conjurer (level 6, -1/46 HPs)
             Began as a Demonspawn Conjurer on May 15, 2022.
             Slain by Duvessa
             ... wielding a +0 short sword
              (6 damage)
             ... on level 4 of the Dungeon.
             The game lasted 00:05:23 (4049 turns).

protoss039 the Conjurer (Demonspawn Conjurer)       Turns: 4049, Time: 00:05:24

Health: -1/46      AC:  4    Str:  7    XL:     6   Next: 73%
Magic:  0/11       EV: 11    Int: 21    God:
Gold:   171        SH:  8    Dex: 12    Spells: 8/11 levels left

rFire   + . .      SeeInvis .   e - +0 spear
rCold   . . .      Faith    .   k - +0 buckler
rNeg    . . .      Spirit   .   i - +0 leather armour {rF+}
rPois   .          Reflect  .   (helmet restricted)
rElec   .          Harm     .   (no cloak)
rCorr   .          Rampage  .   (no gloves)
Will    .....                   h - +0 pair of boots
Stlth   ++........              (no amulet)
HPRegen 0.15/turn               (no ring)
MPRegen 0.12/turn               (no ring)

@: brilliant, weak-willed, attractive
A: antennae 1, powered by pain 1, condensation shield
a: no special abilities


You were on level 4 of the Dungeon.
You visited 1 branch of the dungeon, and saw 4 of its levels.

You collected 171 gold pieces.

Inventory:

Hand Weapons
 e - a +0 spear (weapon)
Armour
 h - a +0 pair of boots (worn)
 i - a +0 leather armour of fire resistance (worn)
 k - a +0 buckler (worn)
Scrolls
 a - a scroll of fog
 d - 3 scrolls of vulnerability
 j - 2 scrolls of identify {unknown}
 l - 2 scrolls of enchant armour {unknown}
 m - a scroll of magic mapping {unknown}
Potions
 b - a potion of cancellation {unknown}
 c - a potion of brilliance
 g - a potion of attraction


   Skills:
 * Level 2.7 Fighting
 + Level 1.3 Armour
 - Level 3.0 Dodging
 - Level 3.0 Stealth
 * Level 2.1 Shields
 * Level 3.4 Spellcasting
 + Level 4.6 Conjurations


You had 8 spell levels left.
You knew the following spells:

 Your Spells              Type           Power      Damage    Failure   Level
a - Magic Dart            Conj           100%       1d8       3%          1
b - Searing Ray           Conj           68%        2d6       5%          2

Your spell library contained the following spells:

 Spells                   Type           Power      Damage    Failure   Level
 Dazzling Flash           Conj/Hex       40%        N/A       28%         3
 Fulminant Prism          Conj/Hex       10%        3d9       67%         4
 Iskenderun's Mystic Bla  Conj/Tloc      20%        2d6       67%         4
 Borgnjor's Revivificati  Necr           2%         N/A       100%        8
 Necromutation            Tmut/Necr      2%         N/A       100%        8
 Death's Door             Necr           2%         N/A       100%        9


Dungeon Overview and Level Annotations

Branches:
Dungeon (4/15)
 Temple: D:4-7

Altars:

Annotations:
D:4 Dowan, Duvessa


Innate Abilities, Weirdness & Mutations

You have a pair of small antennae on your head.
You sometimes gain a little power by taking damage.
A meltable shield of frost defends you. (SH +4)


Message History

You block Dowan's attack.
Unknown command.
Casting: Magic Dart (safe; 3% risk of failure)
Confirm with . or Enter, or press ? or * to list all spells.
Aiming: Magic Dart (safe; 3% risk of failure)
Press: ? - help, Shift-Dir - straight line, f/p - Duvessa
Aim: Duvessa, wielding a +0 short sword and wearing a +0 chain mail (almost dead, fast, 100% to hit)
You feel a surge of power!
The magic dart hits Duvessa but does no damage.
Duvessa is almost dead.
Duvessa barely misses you.
Dowan hits you from afar with a +0 spear.
* * * LOW HITPOINT WARNING * * *
Duvessa hits you with a +0 short sword.
* * * LOW HITPOINT WARNING * * *
Unknown command.
Unknown command.
It was a potion of attraction.
You feel attractive to monsters. You block Duvessa's attack.
You block Dowan's attack.
Unknown command.
Unknown command.
As you read the scroll labelled PACHOO NEILUCK, it crumbles to dust.
Magic quickly surges around you.
It was a scroll of vulnerability.
Duvessa hits you with a +0 short sword.
* * * LOW HITPOINT WARNING * * *
Dowan smirks and points a slender finger.
You block Dowan's attack. Duvessa closely misses you.
Unknown command.
Okay, then.
Okay, then.
You feel better. Duvessa hits you with a +0 short sword.
* * * LOW HITPOINT WARNING * * *
Dowan hits you from afar with a +0 spear.
* * * LOW HITPOINT WARNING * * *
Unknown command.
As you read the scroll labelled JOVEAF HANGU, it crumbles to dust.
The scroll dissolves into smoke.
It was a scroll of fog.
Duvessa hits you with a +0 short sword.
You die...

#...# #..##.#.#.# #...#
#..##.#.#.# #...#
#.........############ #.
#######.#.##.#.....##.....
#.......#.##.#.....##.####
.# .......#..........##.####
... . #...####.#............
##..#.#..§####.#.....##.####
o..>.?#..ee@§§.########.####
#.......####### #.....
#>.....## ######
#o##.#.......# o
oo.#.......# #.## .....##.#
.. #.##.# . ..# .# #.# #


You could see Duvessa (fast, weak-willed) and Dowan (weak-willed).

Vanquished Creatures
  A centaur (D:4)
  2 ogres
  A scorpion (D:4)
  Terence (D:3)
  An orc wizard (D:4)
  3 adders
  2 worms (D:2)
  A dart slug (D:3)
  4 orcs (D:4)
  4 endoplasms
  A giant cockroach (D:2)
  9 goblins
  3 hobgoblins
  2 jackals (D:1)
  2 kobolds (D:2)
  4 quokkas
  3 ball pythons
  9 bats
  2 frilled lizards
  3 rats
58 creatures vanquished.

Notes
Turn   | Place    | Note
-------+----------+-------------------------------------------
     0 | D:1      | protoss039 the Demonspawn Conjurer began the quest for the
                  | Orb.
     0 | D:1      | Reached XP level 1. HP: 13/13 MP: 3/3
   228 | D:1      | Found a faded altar of an unknown god.
   242 | D:1      | Gained mutation: A meltable shield of frost defends you.
                  | (SH +4) [demonic ancestry]
   242 | D:1      | Reached XP level 2. HP: 12/19 MP: 1/5
   532 | D:1      | Learned a level 2 spell: Searing Ray
  1522 | D:2      | Gained mutation: You sometimes gain a little power by
                  | taking damage. [demonic ancestry]
  1522 | D:2      | Reached XP level 3. HP: 24/24 MP: 6/6
  2470 | D:3      | Reached XP level 4. HP: 31/31 MP: 0/7
  2729 | D:3      | Noticed Terence
  2735 | D:3      | Killed Terence
  2736 | D:3      | Reached skill level 1 in Fighting
  2901 | D:3      | Noticed an ogre
  2910 | D:3      | Killed an ogre
  2911 | D:3      | Gained mutation: You have a pair of small antennae on your
                  | head. [demonic ancestry]
  2911 | D:3      | Reached XP level 5. HP: 19/38 MP: 1/9
  3305 | D:4      | Reached skill level 1 in Shields
  3398 | D:4      | Noticed a centaur
  3403 | D:4      | Killed a centaur
  3404 | D:4      | Reached skill level 1 in Armour
  3404 | D:4      | Reached XP level 6. HP: 4/44 MP: 5/10
  4019 | D:4      | Noticed Duvessa
  4034 | D:4      | Noticed Dowan
  4047 | D:4      | HP: 2/46 [Duvessa/+0 short sword (4)]
  4049 | D:4      | Slain by Duvessa

Illustrated notes

Levels and vault maps discovered:
D:1:      dpeg_arrival_round_c, layout_loops_ring,
          shapermc_ecumenical_altar_pompeii
D:2:      layout_basic, grunt_ministairs_9, patterned_corridor
D:3:      layout_basic, uniq_terence
D:4:      layout_loops_cross, uniq_duvessa

Skill      XL: |  1  2  3  4  5  6 |
---------------+-------------------+-----
Dodging        | 2 3 |  3.0
Stealth        | 2 3 |  3.0
Fighting       | 1 2 |  2.7
Shields        | 1 2 |  2.1
Armour         | 1 |  1.3
Spellcasting   | 3 |  3.4
Conjurations   | |  4.6

Action                   |  1- 3 |  4- 6 || total
-------------------------+-------+-------++-------
Melee: Dagger            |    29 |       ||    29
       Spear             |    54 |    32 ||    86
 Cast: Magic Dart        |    31 |    17 ||    48
       Searing Ray       |    10 |    10 ||    20
  Use: Potion            |       |     4 ||     4
       Scroll            |       |     2 ||     2
 Stab: Sleeping          |     5 |     1 ||     6
Armor: Robe              |    24 |       ||    24
       Leather armour    |       |     6 ||     6
Dodge: Dodged            |    43 |    22 ||    65
Block: Other             |    12 |       ||    12
       Buckler           |       |    18 ||    18
